 Dungeon Crawl Stone Soup version 0.31.0-11-ge490571c62 (webtiles) character file.

Game seed: 2089526712447702599

42 Agent47 the Shooter (level 3, -2/30 HPs)
             Began as a Hill Orc Hunter on Jan 27, 2024.
             Splashed by a jelly's acid (4 damage)
             ... on level 5 of the Dungeon.
             The game lasted 00:03:15 (618 turns).

Agent47 the Shooter (Hill Orc Hunter)                Turns: 618, Time: 00:03:15

Health: -2/30      AC:  3    Str: 13    XL:     3   Next: 54%
Magic:  3/3        EV: 11    Int: 11    God:
Gold:   33         SH:  5    Dex: 14    Spells: 2/2 levels left

rFire   . . .        g - +0 dagger (speed)
rCold   . . .        (no shield)
rNeg    . . .        c - +0 leather armour
rPois   .            (no helmet)
rElec   .            (no cloak)
rCorr   .            (no gloves)
SInv    .            (no boots)
Will    .....        d - amulet of reflection
Stlth   +            (no ring)
HPRegen 0.25/turn    (no ring)
MPRegen 0.08/turn

%: reflection
@: no status effects
A: no striking features
a: no special abilities


You were on level 5 of the Dungeon.
You visited 1 branch of the dungeon, and saw 5 of its levels.

You collected 33 gold pieces.

Inventory:

Hand Weapons
 a - a +0 shortbow
 g - a +0 dagger of speed (weapon)
Missiles
 h - 6 boomerangs (quivered)
Armour
 c - a +0 leather armour (worn)
Jewellery
 d - an amulet of reflection (around neck)
Scrolls
 e - 2 scrolls of silence


   Skills:
 * Level 2.5 Fighting
 * Level 0.3 Short Blades
 * Level 4.2 Ranged Weapons
 * Level 0.4 Throwing
 * Level 1.0 Armour
 * Level 1.6 Dodging
 * Level 1.0 Stealth


You had 2 spell levels left.
You didn't know any spells.
Your spell library contained the following spells:

 Spells                   Type           Power      Damage    Failure   Level
 Chain Lightning          Conj/Air       0%         N/A       100%        9
 Fire Storm               Conj/Fire      0%         5d1       100%        9
 Shatter                  Erth           0%         3d5*      100%        9


Dungeon Overview and Level Annotations

Branches:
Dungeon (6/15)
 Temple: D:4-7

Altars:
Vehumet

Shops:
D:2 [:

Annotations:
D:3 Terence


Message History

You see here a book of Annihilations.
You pick up a book of Annihilations and begin reading...
You add the spells Chain Lightning, Fire Storm and Shatter to your library.
The orc hits you with a +0 flail.
You aren't carrying any potions.
Unknown command.
As you read the scroll of teleportation, it crumbles to dust.
You feel strangely unstable. The orc barely misses you.
You open the door. The orc misses you.
Found a radiant altar of Vehumet.
Your butterfly disappears in a burst of colours!
The orc barely misses your butterfly.
There is an open door here.
Your surroundings suddenly seem different.
Found a stone staircase leading down.
A jelly comes into view.
The jelly quivers.
There is a stone staircase leading down here.
Throw: 6 boomerangs
Press: ? - help, Q - select action Shift-Dir - straight line, f - jelly
Aim: a jelly (89% to hit)
You throw a boomerang. The boomerang hits the jelly.
The jelly is lightly wounded.
Unknown command.
You hit the jelly.
Your hands burn!
The jelly is lightly wounded.
The jelly hits you but does no damage.
You hit the jelly.
Your hands burn!
* * * LOW HITPOINT WARNING * * *
The jelly is heavily wounded.
The jelly hits you but does no damage.
You hit the jelly.
Your hands burn!
* * * LOW HITPOINT WARNING * * *
The jelly is severely wounded.
You hit the jelly.
Your hands burn!
* * * LOW HITPOINT WARNING * * *
The jelly is almost dead.
The jelly barely misses you.
You hit the jelly.
Your hands burn!
You die...

######## ......#
..##.####
#.#.....
####.#..###
#...@.....#
#.##J#..#........
#.#..####..##.
..#..# .# .......
.. .##.##### #.
#. #.# # #.#


You could see a jelly.

Vanquished Creatures
  3 adders
  A ball python (D:1)
  3 bats (D:2)
  2 endoplasms
  A goblin (D:1)
  3 quokkas (D:1)
  2 kobolds (D:2)
15 creatures vanquished.

Notes
Turn   | Place    | Note
-------+----------+-------------------------------------------
     0 | D:1      | Agent47 the Hill Orc Hunter began the quest for the Orb.
     0 | D:1      | Reached XP level 1. HP: 18/18 MP: 1/1
    66 | D:1      | Reached XP level 2. HP: 25/25 MP: 2/2
   170 | D:2      | Reached skill level 4 in Ranged Weapons
   213 | D:2      | Found Ocza's Antique Armour Shop.
   259 | D:2      | Found Lualy's Book Boutique.
   281 | D:2      | Reached skill level 1 in Stealth
   339 | D:2      | Reached skill level 1 in Armour
   339 | D:2      | Reached XP level 3. HP: 10/30 MP: 3/3
   462 | D:3      | Noticed Terence
   506 | D:3      | You fall into a shaft and drop 3 floors!
   547 | D:6      | Noticed a centaur
   550 | D:5      | Entered Level 5 of the Dungeon
   575 | D:5      | Noticed a black bear
   604 | D:5      | Found a radiant altar of Vehumet.
   618 | D:5      | Splashed by a jelly's acid

Illustrated notes

Levels and vault maps discovered:
D:1:      minmay_arrival_three_doors, layout_basic
D:2:      layout_basic, serial_shops, shop, nicolae_shop_tiny_statue_garden,
          shop, shop, shop
D:3:      layout_loops_cross, lemuel_zombie_altar_kikubaaqudgha,
          portal_sewer_entry_d, chequers_serial_rivers_room_a,
          kennysheep_decorative_pillar, minivault_11, st_stairs_13,
          dk_noncrumbling_3, uniq_ijyb, uniq_natasha, uniq_terence
D:5:      cheibrodos_helix_gallery, layout_loops_cross, bloody_makhleb,
          mainiacjoe_overflow_24_doors, nicolae_shop_self_help
D:6:      layout_basic, kennysheep_mini, minmay_misc_feat_columns

Skill      XL: |  1  2 |
---------------+-------+-----
Ranged Weapons | 4 |  4.2
Stealth        | 1 |  1.0
Armour         | 1 |  1.0
Fighting       | |  2.5
Short Blades   | |  0.3
Throwing       | |  0.4
Dodging        | |  1.6

Action                     || total
---------------------------++-------
  Melee: Dagger            ||    65
         Punch             ||     1
   Fire: Shortbow          ||    43
  Throw: Boomerang         ||     1
    Use: Scroll            ||     4
 Armour: Leather armour    ||    44
  Dodge: Dodged            ||    30
  Block: Other             ||     7
